 Dungeon Crawl Stone Soup version 0.31-a0-986-g5e6e4ef867 (webtiles) character file.

Game seed: 10144627483427216364

156 olourkin the Cudgeller (level 5, 0/43 HPs)
             Began as an Armataur Warper on Nov 12, 2023.
             Succumbed to Ijyb's poison
             ... on level 3 of the Dungeon on Nov 15, 2023.
             The game lasted 00:10:08 (2401 turns).

olourkin the Cudgeller (Armataur Warper)            Turns: 2401, Time: 00:10:08

Health: 0/43       AC:  4    Str: 16    XL:     5   Next: 14%
Magic:  7/7        EV:  9    Int: 15    God:
Gold:   153        SH:  0    Dex: 10    Spells: 5/7 levels left

rFire   . . .        a - +0 mace
rCold   . . .        (no shield)
rNeg    . . .        b - +0 leather armour
rPois   .            (no helmet)
rElec   .            (no cloak)
rCorr   .            (no gloves)
SInv    .            (no barding)
Will    .....        (no amulet)
Stlth   +            (no ring)
HPRegen 0.27/turn    (no ring)
MPRegen 0.10/turn

%: roll
@: lethally poisoned (0 -> -13)
A: large, rugged brown scales 3, deformed body, armoured tail, roll, long
tongue, awkward tongue
a: no special abilities


You were on level 3 of the Dungeon.
You visited 1 branch of the dungeon, and saw 3 of its levels.

You collected 153 gold pieces.

Inventory:

Hand Weapons
 a - a +0 mace (weapon)
Missiles
 d - 6 darts of dispersal
 f - 14 stones
 l - 3 poisoned darts (quivered)
 p - 6 javelins
Armour
 b - a +0 leather armour (worn)
 g - a +0 ring mail
Talismans
 j - a beast talisman
Scrolls
 c - a scroll of blinking
 e - a scroll of enchant weapon {unknown}
 h - a scroll of brand weapon {unknown}
 i - a scroll of noise {unknown}
 k - 2 scrolls of identify {unknown}
 m - a scroll of butterflies {unknown}
 n - a scroll of vulnerability {unknown}
 q - a scroll of amnesia {unknown}
Potions
 o - a potion of berserk rage {unknown}


   Skills:
 - Level 1.9 Fighting
 * Level 3.9 Maces & Flails
 - Level 1.0 Throwing
 + Level 3.4 Armour
 - Level 1.5 Dodging
 - Level 1.8 Spellcasting
 - Level 3.0 Translocations


You had 5 spell levels left.
You knew the following spells:

 Your Spells              Type           Power      Damage    Failure   Level
b - Blink                 Tloc           20%        N/A       12%         2

Your spell library contained the following spells:

 Spells                   Type           Power      Damage    Failure   Level
 Lesser Beckoning         Tloc           20%        N/A       12%         2
 Teleport Other           Tloc           10%        N/A       22%         3
 Manifold Assault         Tloc           10%        N/A       58%         4
 Vhi's Electric Charge    Tloc/Air       10%        N/A       82%         4


Dungeon Overview and Level Annotations

Branches:
Dungeon (3/15)

Altars:

Annotations:
D:2 1 runed translucent door, Crazy Yiuf, Sigmund
D:3 Ijyb


Innate Abilities, Weirdness & Mutations

You are completely covered in rugged brown scales. (AC +3, +7% HP)
Armour fits poorly on your strangely shaped body.
You have a long armoured tail.
You roll when moving toward enemies. (Rampage)
Your long tongue fully drains potion bottles. (2x potion effects)
Your tongue gives you trouble enunciating. (1.5x scroll delay)


Message History

You barely miss the orc.
The orc is severely wounded.
The orc hits you with a +0 flail.
Ijyb the Twisted Goblin comes into view.
She is wielding a +1 dagger of venom and carrying a wand of roots.
The orc hits you with a +0 flail!
Ijyb shouts!
You hit the orc.
You kill the orc!
You barely miss the orc. You tail-slap the orc.
You kill the orc!
Ijyb zaps a wand.
The roots erupt in riotous growth!
The orc is unaffected.
The grasping roots grab you! The grasping roots constrict you.
You hit the orc. You punch the orc, but do no damage.
The orc is severely wounded.
The orc hits you but does no damage. The grasping roots constrict you!
* * * LOW HITPOINT WARNING * * *
You hit the orc.
You kill the orc!
The grasping roots constrict you.
* * * LOW HITPOINT WARNING * * *
Throw: 5 darts (poison)
Press: ? - help, Q - select action, (/) - cycle Shift-Dir - straight line, f - Ijyb
Aim: Ijyb, wielding a +1 dagger of venom, wearing a +0 scale mail and carrying a wand of roots (45% to hit)
You throw a poisoned dart. The poisoned dart barely misses Ijyb.
The grasping roots constrict you.
* * * LOW HITPOINT WARNING * * *
Throw: 4 darts (poison)
Press: ? - help, Q - select action, (/) - cycle Shift-Dir - straight line, f/p - Ijyb
Aim: Ijyb, wielding a +1 dagger of venom, wearing a +0 scale mail and carrying a wand of roots (45% to hit)
You throw a poisoned dart. The poisoned dart barely misses Ijyb.
The grasping roots constrict you.
* * * LOW HITPOINT WARNING * * *
The grasping roots release their grip on you.
Okay, then.
Ijyb hits you with a +1 dagger of venom.
* * * LOW HITPOINT WARNING * * *
You are lethally poisoned!
You hit Ijyb but do no damage.
You die...

.# .# ####.######
#..........
#######..........
######................
#.......####..........
#.......@g.)..)..(.(.#
#........#########(...
######†#.# . #.#.#
#.#.# #.#.# #.#.#
#.#.# ### #.#.# #<#


You could see Ijyb.

Vanquished Creatures
  An orc priest (D:3)
  Jessica (D:2)
  Terence (D:2)
  An adder (D:2)
  A worm (D:2)
  4 orcs (D:3)
  4 ball pythons
  4 endoplasms
  5 giant cockroaches
  7 goblins
  6 hobgoblins
  4 jackals (D:2)
  4 kobolds
  A quokka (D:2)
  7 bats
  3 frilled lizards
  4 rats
58 creatures vanquished.

Notes
Turn   | Place    | Note
-------+----------+-------------------------------------------
     0 | D:1      | olourkin the Armataur Warper began the quest for the Orb.
     0 | D:1      | Reached XP level 1. HP: 18/18 MP: 3/3
    89 | D:1      | Reached skill level 1 in Throwing
   216 | D:1      | Reached XP level 2. HP: 25/25 MP: 4/4
   231 | D:1      | Found a faded altar of an unknown god.
   778 | D:2      | Reached XP level 3. HP: 31/31 MP: 5/5
   910 | D:2      | Found a runed translucent door.
   911 | D:2      | Noticed Crazy Yiuf
   922 | D:2      | Learned a level 2 spell: Blink
   972 | D:2      | Noticed Terence
   983 | D:2      | Killed Terence
  1134 | D:2      | Reached XP level 4. HP: 15/38 MP: 6/6
  1423 | D:2      | Noticed Sigmund
  1916 | D:2      | Noticed Jessica
  1922 | D:2      | Killed Jessica
  2382 | D:3      | Reached XP level 5. HP: 36/43 MP: 7/7
  2391 | D:3      | Noticed Ijyb
  2401 | D:3      | Succumbed to Ijyb's poison

Illustrated notes

Levels and vault maps discovered:
D:1:      onia_arrival_mini_maze_b, layout_rooms, ebering_ecumenical_altar_webs
D:2:      layout_loops_corners, nrook_uturn, minmay_hexomino_c4, uniq_terence,
          uniq_jessica, uniq_crazy_yiuf_cottage, uniq_sigmund
D:3:      layout_basic, minmay_crystal_water, uniq_robin, uniq_ijyb,
          uniq_grinder

Skill      XL: |  1  2  3  4 |
---------------+-------------+-----
Throwing       | 1 |  1.0
Maces & Flails | 2 3 |  3.9
Armour         | 2 3 |  3.4
Fighting       | |  1.9
Dodging        | |  1.5
Spellcasting   | |  1.8
Translocations | |  3.0

Action                     |  1- 3 |  4- 6 || total
---------------------------+-------+-------++-------
  Melee: Mace              |    85 |    79 ||   164
         Tailslap          |     6 |     8 ||    14
         Punch             |     1 |     2 ||     3
  Throw: Dart              |       |    10 ||    10
   Cast: Blink             |     1 |       ||     1
 Armour: Leather armour    |    52 |    52 ||   104
  Dodge: Dodged            |    29 |    33 ||    62

Table legend: (Time is in decaauts)
 A = Elapsed time spent in this place.
 B = Non-inter-level travel time spent in this place.
 C = Inter-level travel time spent in this place.
 D = Time resting spent in this place.
 E = Time spent auto-exploring this place.
 F = Levels seen in this place.
 G = Mean time per level.
                   A        B        C        D        E       F      G
               +--------+--------+--------+--------+--------+-----+--------+
         Total |   2442 |   2339 |    103 |    446 |   1288 |   3 |  814.0 |
       Dungeon |   2442 |   2339 |    103 |    446 |   1288 |   3 |  814.0 |
               +--------+--------+--------+--------+--------+-----+--------+

Top non-repeatable levels by time:
     D:2: 1443 daAuts
     D:1: 814 daAuts
     D:3: 184 daAuts
